 Dungeon Crawl Stone Soup version 0.27.1-4-g1640c2035a (webtiles) character file.

Game seed: 4756637116214577416

12007 cdecastro the Cleaver (level 11, -11/99 HPs)
             Began as a Minotaur Fighter on Oct 31, 2021.
             Was a High Priest of Okawaru.
             Mangled by Snorg (17 damage)
             ... on level 11 of the Dungeon.
             The game lasted 00:20:07 (9590 turns).

cdecastro the Cleaver (Minotaur Fighter)            Turns: 9590, Time: 00:20:07

Health: -11/99     AC: 22    Str: 23    XL:     11   Next: 56%
Magic:  16/16      EV: 10    Int:  5    God:    Okawaru [*****.]
Gold:   516        SH:  0    Dex: 17    Spells: 10/10 levels left

rFire    . . .     SeeInvis .   a - +9 hand axe of Pauvagil {freeze, rPois}
rCold    . . .     Faith    .   (no shield)
rNeg     . . .     Spirit   .   h - +0 plate armour
rPois    +         Reflect  .   (helmet restricted)
rElec    .         Harm     .   J - +0 cloak {Will+}
rCorr    .         Rampage  .   (no gloves)
Will     +....                  (no boots)
Stlth    ..........             x - amulet of regeneration
HPRegen  1.26/turn              i - +6 ring of dexterity
MPRegen  0.15/turn              t - +4 ring of protection

@: heroic
A: horns 2, retaliatory headbutt
a: Renounce Religion, Heroism, Finesse


You were on level 11 of the Dungeon.
You worshipped Okawaru.
Okawaru was extremely pleased with you.
You visited 2 branches of the dungeon, and saw 12 of its levels.

You collected 665 gold pieces.
You spent 149 gold pieces at shops.

Inventory:

Hand Weapons
 a - the +9 hand axe of Pauvagil (weapon) {freeze, rPois}
   (You found it on level 7 of the Dungeon)

   It freezes those it strikes, dealing additional cold damage.
   It can also slow down cold-blooded creatures.
   rPois:     It protects you from poison.
 b - a +2 hand axe of flaming
 s - the +6 whip "Atiylaf" {vorpal, rN+}
   (You found it on level 5 of the Dungeon)

   It inflicts extra damage upon your enemies.
   rN:        It protects you from negative energy.
 K - the +3 Elemental Staff {rElec rF++ rC++ Will++ AC+5}
   (You found it on level 8 of the Dungeon)

   If the wielder is skilled in Evocations, they can discharge powerful blasts
   of elemental energy when striking with it.
   It enhances your fire, ice, earth and air magic.
   AC:        It affects your AC (+5).
   rF:        It greatly protects you from fire.
   rC:        It greatly protects you from cold.
   rElec:     It insulates you from electricity.
   Will:      It greatly increases your willpower.
Missiles
 e - 478 stones
 k - 57 poisoned darts (quivered)
 o - 203 arrows
 r - 97 sling bullets
 y - 2 curare-tipped darts
 A - 6 throwing nets
 B - 14 boomerangs
 E - 43 bolts
 H - 5 javelins
 M - 4 boomerangs of dispersal
 P - 18 silver boomerangs
Armour
 h - a +0 plate armour (worn)
 J - a +0 cloak of willpower (worn)
 O - a +2 cloak
Jewellery
 i - a +6 ring of dexterity (left hand)
 t - a +4 ring of protection (right hand)
 x - an amulet of regeneration (around neck)
 R - a ring of magical power
Wands
 Q - a wand of flame (14)
Scrolls
 c - 10 scrolls of identify
 g - 2 scrolls of magic mapping {unknown}
 m - 2 scrolls of enchant weapon {unknown}
 n - a scroll of torment {unknown}
 q - 2 scrolls of summoning {unknown}
 v - 2 scrolls of immolation {unknown}
 z - 2 scrolls of brand weapon {unknown}
 D - 2 scrolls of enchant armour {unknown}
 F - a scroll of fog {unknown}
 I - 2 scrolls of vulnerability {unknown}
 L - a scroll of noise {unknown}
Potions
 d - 2 potions of might
 f - 2 potions of lignification
 j - a potion of cancellation {unknown}
 l - 4 potions of curing
 p - a potion of ambrosia
 u - 2 potions of brilliance
 w - a potion of mutation {unknown}
 C - 5 potions of haste {unknown}
 G - a potion of flight {unknown}
 N - a potion of degeneration {unknown}
 S - a potion of invisibility {unknown}
Miscellaneous
 T - a phantom mirror


   Skills:
 - Level 10.0(15.0) Fighting
 - Level 14.5(19.5) Axes
 - Level 10.0(15.0) Armour
 - Level 3.6(8.6) Shields
 + Level 8.2 Invocations


You had 10 spell levels left.
You didn't know any spells.
Your spell library contained the following spells:

 Spells                   Type           Power      Damage    Failure   Level
 Slow                     Hex            0%         N/A       100%        2
 Sublimation of Blood     Necr           0%         N/A       100%        2
 Wereblood                Tmut           0%         N/A       100%        2
 Confusing Touch          Hex            0%         N/A       100%        3
 Animate Dead             Necr           0%         N/A       100%        4
 Borgnjor's Vile Clutch   Necr/Erth      0%         N/A       100%        5
 Yara's Violent Unravell  Hex/Tmut       0%         3d3       100%        5
 Death Channel            Necr           0%         N/A       100%        6
 Summon Hydra             Summ           0%         N/A       100%        7


Dungeon Overview and Level Annotations

Branches:
Dungeon (11/15)            Temple (1/1) D:7            Lair (0/6) D:10
    Orc (0/2) D:10

Altars:
Ashenzari
Cheibriados
Dithmenos
Elyvilon
Fedhas
Gozag
Hepliaklqana
Kikubaaqudgha
Makhleb
Nemelex Xobeh
Okawaru
Qazlal
Ru
Sif Muna
Trog
Uskayaw
Vehumet
Wu Jian
Xom
Yredelemnul
Zin
The Shining One
Beogh

Shops:
D:7 [   D:9 *(

Annotations:
D:4 3 runed translucent doors, Icepheonix32's ghost, amateur DsFi
D:11 Snorg


Innate Abilities, Weirdness & Mutations

You have a pair of horns on your head.
You reflexively headbutt those who attack you in melee.


Message History

You slash Snorg! You freeze Snorg. Your headbutt misses Snorg.
Snorg is heavily wounded.
Snorg bites you.
* * * LOW HITPOINT WARNING * * *
Snorg completely misses you. Snorg barely misses you.
Unknown command.
You closely miss Snorg. Your headbutt misses Snorg.
Snorg is heavily wounded.
Snorg barely misses you. Snorg misses you. Snorg claws you.
* * * LOW HITPOINT WARNING * * *
Unknown command.
You slash Snorg! You freeze Snorg. You punch Snorg!
Snorg is severely wounded.
Snorg bites you.
* * * LOW HITPOINT WARNING * * *
Snorg barely misses you. x2
Unknown command.
You slash Snorg! You freeze Snorg. You headbutt Snorg, but do no damage.
Snorg is severely wounded.
Snorg bites you!
* * * LOW HITPOINT WARNING * * *
Snorg claws you but does no damage. Snorg claws you.
* * * LOW HITPOINT WARNING * * *
Unknown command.
Press: ? - help, v - describe, . - travel
Here: Snorg (severely wounded, berserk)
The floor, spattered with blood.
Unknown command.
Snorg rages.
Snorg bites you but does no damage. Snorg claws you but does no damage.
Snorg closely misses you. Snorg bites you but does no damage.
Snorg claws you but does no damage. Snorg claws you!
* * * LOW HITPOINT WARNING * * *
Okay, then.
Unknown command.
Okay, then.
Unknown command.
Snorg bites you!
You die...

.........'.## # .........###
#######'## ##.# ## #..# #.
#.## #. #.# #.
#####################.#######<
............T@..............+.
#####################.#######.
#...# ## #.### #.# #.#
##+###### #.......# ##
#.......# #.


You could see Snorg (berserk).

Vanquished Creatures
  A hydra (D:9)
  Erica (D:10)
  3 two-headed ogres
  A troll (D:10)
  A vampire (D:9)
  A shadow (D:10)
  6 yaks (D:10)
  A wyvern (D:9)
  2 wraiths
  A steam dragon (D:10)
  2 acid dragons
  An ice beast (D:8)
  5 water moccasins
  9 orc warriors
  7 black bears
  5 ogres
  2 necrophages
  4 centaurs
  A wolf (D:6)
  3 phantoms
  6 kobold brigands
  3 bullfrogs
  2 gnoll sergeants (D:6)
  8 wights
  A howler monkey (D:10)
  A bullfrog zombie (D:7)
  4 centaur zombies
  7 orc priests
  3 jellies
  8 hounds
  A gnoll shaman (D:6)
  4 orc wizards
  Terence (D:3)
  A howler monkey skeleton (D:5)
  7 adders
  27 gnolls
  3 white imps
  An ufetubus (D:5)
  An adder skeleton (D:5)
  A worm (D:4)
  4 dart slugs
  37 orcs
  3 endoplasms
  3 giant cockroaches
  8 goblins
  12 hobgoblins
  14 jackals
  25 kobolds
  3 quokkas
  4 ball pythons
  13 bats
  2 frilled lizards
  3 rats (D:2)
278 creatures vanquished.

Vanquished Creatures (others)
  45 fungi (D:10)
  28 plants (D:10)
73 creatures vanquished.

Grand Total: 351 creatures vanquished

Notes
Turn   | Place    | Note
-------+----------+-------------------------------------------
     0 | D:1      | cdecastro the Minotaur Fighter began the quest for the Orb.
     0 | D:1      | Reached XP level 1. HP: 19/19 MP: 0/0
   132 | D:1      | Reached skill level 3 in Axes
   197 | D:1      | Reached XP level 2. HP: 24/26 MP: 1/1
   515 | D:1      | Reached skill level 4 in Axes
   587 | D:1      | Found a faded altar of an unknown god.
   654 | D:1      | Reached XP level 3. HP: 31/31 MP: 2/2
   883 | D:2      | Found a glowing golden altar of the Shining One.
   961 | D:2      | Reached skill level 5 in Axes
  1174 | D:2      | Reached XP level 4. HP: 35/39 MP: 3/3
  1610 | D:3      | Reached skill level 6 in Axes
  1909 | D:3      | Noticed Terence
  1926 | D:3      | Killed Terence
  1927 | D:3      | Reached XP level 5. HP: 34/45 MP: 4/4
  2208 | D:3      | Found a sacrificial altar of Ru.
  2358 | D:3      | Reached skill level 7 in Axes
  2913 | D:4      | Noticed an ogre
  2925 | D:4      | Killed an ogre
  2926 | D:4      | Reached XP level 6. HP: 33/51 MP: 5/5
  3040 | D:4      | Reached skill level 8 in Axes
  3198 | D:4      | Reached skill level 9 in Axes
  3198 | D:4      | Reached XP level 7. HP: 46/57 MP: 6/6
  3427 | D:4      | Noticed Icepheonix32's ghost (amateur DsFi)
  3442 | D:4      | Found a runed translucent gate.
  3442 | D:4      | Found a runed translucent gate.
  3442 | D:4      | Found a runed translucent gate.
  3619 | D:5      | Entered Level 5 of the Dungeon
  3653 | D:5      | Reached skill level 10 in Axes
  3774 | D:5      | Reached skill level 5 in Fighting
  3985 | D:5      | Identified the +6 whip "Atiylaf" {vorpal, rN+}
  4151 | D:5      | Reached XP level 8. HP: 58/71 MP: 7/7
  4662 | D:6      | Reached skill level 10 in Fighting
  4913 | D:6      | Reached skill level 5 in Armour
  4956 | D:6      | Reached XP level 9. HP: 84/85 MP: 8/8
  5425 | D:7      | Upgraded the game from 0.27.1-3-gb3d3a73c9e to
                  | 0.27.1-4-g1640c2035a
  5427 | D:7      | Identified the +9 hand axe of Pauvagil {freeze, rPois}
  5439 | D:7      | Found a staircase to the Ecumenical Temple.
  5455 | Temple   | Entered the Ecumenical Temple
  5468 | Temple   | Became a worshipper of Warmaster Okawaru
  6226 | D:7      | Found Baessure's Armour Shop.
  6256 | D:7      | Bought a +0 cloak of willpower for 149 gold pieces
  6301 | D:8      | Reached * piety under Okawaru
  6329 | D:8      | Reached skill level 10 in Armour
  6329 | D:8      | Reached skill level 1 in Invocations
  6477 | D:8      | Noticed a two-headed ogre
  6488 | D:8      | Killed a two-headed ogre
  6489 | D:8      | Reached XP level 10. HP: 93/93 MP: 8/12
  6827 | D:8      | Reached ** piety under Okawaru
  6833 | D:8      | Found the +3 Elemental Staff {rElec rF++ rC++ Will++ AC+5}
  7089 | D:8      | Noticed a two-headed ogre
  7098 | D:8      | Killed a two-headed ogre
  7098 | D:8      | Reached *** piety under Okawaru
  7099 | D:8      | Reached skill level 11 in Axes
  7319 | D:9      | Found Jalef's Lightly-Used Armoury.
  7446 | D:9      | Noticed a two-headed ogre
  7459 | D:9      | Killed a two-headed ogre
  7460 | D:9      | Reached skill level 12 in Axes
  7596 | D:9      | Found Taixiuz's Weapon Emporium.
  7656 | D:9      | Reached **** piety under Okawaru
  7715 | D:9      | Reached skill level 13 in Axes
  7868 | D:9      | Noticed a seven-headed hydra
  7880 | D:9      | Killed a two-headed hydra
  8136 | D:10     | Entered Level 10 of the Dungeon
  8210 | D:10     | Reached XP level 11. HP: 91/99 MP: 13/13
  8219 | D:10     | Reached skill level 14 in Axes
  8504 | D:10     | Found a staircase to the Orcish Mines.
  8543 | D:10     | Reached ***** piety under Okawaru
  8647 | D:10     | Reached skill level 5 in Invocations
  8668 | D:10     | Found a staircase to the Lair.
  8693 | D:10     | Received a gift from Okawaru
  8988 | D:10     | Noticed Erica
  9003 | D:10     | Killed Erica
  9568 | D:11     | Noticed Snorg
  9588 | D:11     | HP: 3/99 [Snorg (9)]
  9590 | D:11     | Mangled by Snorg

Illustrated notes

Levels and vault maps discovered:
D:1:      dpeg_arrival_radiant, layout_loops_cross,
          ebering_ecumenical_altar_rust
D:2:      layout_loops_ring, basic_altar
D:3:      layout_basic, nicolae_overflow_crystal_walls, minivault_19,
          uniq_terence
D:4:      layout_loops_cross, gammafunk_ghost_split
D:5:      layout_rooms, st_stairs_3, chequers_serial_rivers_micro_b
D:6:      layout_cave_pools, serial_gnoll_camp, gnoll_camp_mini_house,
          gnoll_camp_mini_doghouse, gnoll_camp_medium_01,
          gnoll_camp_mini_doghouse
D:7:      layout_rooms, minmay_temple_entry_drinking_statues, serial_shops,
          kennysheep_mini_moat
D:8:      layout_cave_pods, special_room [special_room_orc]
D:9:      layout_irregular_city, serial_shops, shop, minmay_shop_damaged
D:10:     layout_basic, due_lair_maze_entry_diamond, erik_orc_3,
          minmay_unpleasant_kobolds, uniq_erica
D:11:     layout_roguey, uniq_snorg
Temple:   nicolae_temple_the_god_donut

Skill      XL: |  1  2  3  4  5  6  7  8  9 10 11 |
---------------+----------------------------------+-----
Axes           | 3 4 5 6 7 9 10 13 14 | 14.5
Fighting       | 6 10 | 10.0
Armour         | 5 10 | 10.0
Invocations    | 4 8 |  8.2
Shields        | |  3.6

Action                   |  1- 3 |  4- 6 |  7- 9 | 10-12 || total
-------------------------+-------+-------+-------+-------++-------
Melee: War axe           |    85 |    83 |    44 |       ||   212
       Headbutt          |    10 |     9 |    72 |    73 ||   164
       Whip              |       |       |   158 |       ||   158
       Hand axe          |       |       |    68 |   255 ||   323
       Punch             |       |       |       |     2 ||     2
Throw: Dart              |       |     4 |     9 |     2 ||    15
Invok: Heroism           |       |       |     1 |     6 ||     7
       Finesse           |       |       |       |     1 ||     1
  Use: Scroll            |       |       |     2 |       ||     2
       Potion            |       |       |     2 |       ||     2
Armor: Scale mail        |    46 |    51 |   126 |       ||   223
       Skin              |       |       |    41 |       ||    41
       Plate armour      |       |       |    25 |   149 ||   174
Dodge: Dodged            |    54 |    37 |   137 |    75 ||   303
Block: Kite shield       |     4 |       |       |       ||     4
